[Event "POR-ch Amateur 2018"]
[Site "Braga"]
[Date "2018.09.06"]
[Round "1"]
[White "Monteiro, Jose Macedo"]
[Black "Andrade, Ricardo Sarmento"]
[Result "1-0"]
[ECO "B31"]
[WhiteElo "1889"]
[BlackElo "1744"]
[PlyCount "105"]
[EventDate "2018.09.02"]
[EventType "tourn"]
[EventCountry "POR"]
[TimeControl "40/5400+30:1800+30"]
[WhiteClock "0:09:31"]
[BlackClock "0:20:02"]

1. e4 c5 2. Nf3 Nc6 3. Bb5 g6 4. O-O Bg7 5. Re1 Nf6 6. c3 O-O 7. d4 d5 8. e5 Ne4 9. h3 cxd4 10. cxd4 Qb6 11. Ba4 h5 12. Bb3 Be6 13. Nc3 Nxc3 14. bxc3 Na5 15. Bc2 Nc4 16. Nh4 Rac8 17. Nxg6 fxg6 18. Bxg6 Bf7 19. Bc2 Bg6 20. Bg5 Nxe5 21. Bxg6 Nxg6 22. Rb1 Qc6 23. Qxh5 e5 24. Qg4 Rce8 25. h4 Qc8 26. Qxc8 Rxc8 27. dxe5 Nxe5 28. Rxb7 Rf7 29. Rb5 Rxc3 30. Rxd5 Rc2 31. f3 Rxa2 32. Rdxe5 Bxe5 33. Rxe5 Rc7 34. Re4 Rcc2 35. Rg4 a5 36. Bf6+ Kh7 37. Kh2 a4 38. Kh3 a3 39. Rg7+ Kh6 40. g4 Rc6 41. Bd4 Rd2 42. g5+ Kh5 43. Rh7+ Kg6 44. Rh6+ Kf5 45. Rxc6 Rxd4 46. Rf6+ Ke5 47. Ra6 Rd3 48. Kg4 Kd5 49. g6 Kc4 50. h5 Kb5 51. Ra8 Rd4+ 52. f4 Rd7 53. Rxa3 1-0

[Event "POR-ch Amateur 2018"]
[Site "Braga"]
[Date "2018.09.06"]
[Round "1"]
[White "Carvalho, Vitor Hugo Pina Soa"]
[Black "Duarte, Francisco"]
[Result "1-0"]
[ECO "C42"]
[WhiteElo "1884"]
[BlackElo "1205"]
[PlyCount "65"]
[EventDate "2018.09.02"]
[EventType "tourn"]
[EventCountry "POR"]
[TimeControl "40/5400+30:1800+30"]

1. e4 e5 2. Nf3 Nf6 3. Nxe5 d6 4. Nf3 Nxe4 5. Be2 Be7 6. d3 Nf6 7. Nc3 Nc6 8. Bg5 O-O 9. Qd2 Be6 10. h4 h6 11. Bf4 a5 12. Nh2 h5 13. Qd1 Nd4 14. Be3 Nxe2 15. Qxe2 Ng4 16. O-O-O Nxe3 17. Qxe3 Bxh4 18. Nf3 Bg4 19. Nxh4 Re8 20. Qd2 Bxd1 21. Nxd1 b5 22. Nf5 Re5 23. Rxh5 Qf6 24. g4 Rae8 25. Nde3 Qe6 26. Rh3 Qxa2 27. Kd1 Qxb2 28. Ke2 a4 29. Qd1 a3 30. Qh1 f6 31. Rh8+ Kf7 32. Qh5+ Ke6 33. Qxe8# 1-0

[Event "POR-ch Amateur 2018"]
[Site "Braga"]
[Date "2018.09.06"]
[Round "1"]
[White "Demyanchuk, Sergey"]
[Black "Santos, Jose Miguel Sereno"]
[Result "1-0"]
[ECO "B10"]
[WhiteElo "1818"]
[BlackElo "1706"]
[PlyCount "93"]
[EventDate "2018.09.02"]
[EventType "tourn"]
[EventCountry "POR"]
[TimeControl "40/5400+30:1800+30"]
[WhiteClock "0:01:05"]
[BlackClock "0:47:20"]

1. e4 c6 2. Nf3 d5 3. exd5 cxd5 4. d4 Nc6 5. Nc3 Nf6 6. Be2 Bf5 7. O-O e6 8. Re1 Be7 9. Nh4 Bg6 10. Bg5 O-O 11. Nxg6 hxg6 12. a3 Qb6 13. Be3 Rac8 14. Na4 Qc7 15. Rc1 a6 16. c3 Nd7 17. Nc5 Rfd8 18. Bg4 Nxc5 19. dxc5 Na5 20. b4 Nc4 21. a4 Nxe3 22. fxe3 b6 23. cxb6 Qxb6 24. Qd4 Qc6 25. e4 Qxa4 26. exd5 Rxd5 27. Qxd5 exd5 28. Bxc8 Bg5 29. Ra1 Qc6 30. Bxa6 Qxc3 31. b5 Bf6 32. Rab1 Bd4+ 33. Kh1 Bb6 34. Rbc1 Qd2 35. Bb7 d4 36. Bd5 d3 37. Rf1 Bf2 38. Rb1 Bb6 39. Bxf7+ Kh7 40. Rf3 Kh6 41. Rh3+ Kg5 42. Rg3+ Kf6 43. Bxg6 Be3 44. b6 Qc2 45. Rf1+ Bf2 46. Bxd3 Qb2 47. Rxf2+ 1-0

[Event "POR-ch Amateur 2018"]
[Site "Braga"]
[Date "2018.09.06"]
[Round "1"]
[White "Areal, Pedro"]
[Black "Godinho Marques, Pedro"]
[Result "0-1"]
[ECO "D00"]
[WhiteElo "1732"]
[BlackElo "1853"]
[PlyCount "119"]
[EventDate "2018.09.02"]
[EventType "tourn"]
[EventCountry "POR"]
[TimeControl "40/5400+30:1800+30"]
[WhiteClock "0:07:07"]
[BlackClock "0:05:21"]

1. d4 d5 2. Bg5 Nf6 3. Bxf6 exf6 4. g3 Bf5 5. Nd2 c6 6. c3 Qb6 7. Qb3 Nd7 8. Bg2 Be7 9. e3 O-O 10. Ne2 a5 11. O-O Qa6 12. Rfe1 a4 13. Qd1 Ra7 14. a3 Nb6 15. Nf4 Qb5 16. Qc1 Nc4 17. Bf1 g5 18. Nd3 Nxd2 19. Qxd2 Qb6 20. Nb4 Qc7 21. Bg2 Qd7 22. Rac1 Bd6 23. Nd3 Re8 24. Qd1 Qe7 25. c4 Be4 26. cxd5 Bxg2 27. Kxg2 Qe4+ 28. Kg1 Qxd5 29. Nc5 Bxc5 30. Rxc5 Qe6 31. Qh5 b6 32. Rc2 Ra5 33. Qf3 c5 34. dxc5 Rxc5 35. Rxc5 bxc5 36. Qd1 Rb8 37. Qc1 Qb3 38. Re2 Rd8 39. Rc2 Rd5 40. Kg2 Qb7 41. Kg1 Qb3 42. h3 Kg7 43. Kh2 Qb5 44. Rc4 Rf5 45. Qc2 Rxf2+ 46. Qxf2 Qxc4 47. Qd2 Qb3 48. Kg2 Qb7+ 49. Kh2 Qe4 50. Qc3 Qf5 51. Kg2 Qe4+ 52. Kf2 Qh1 53. Qxc5 Qh2+ 54. Kf3 Qxh3 55. Qd4 Qf1+ 56. Ke4 Qg2+ 57. Kd3 Qxg3 58. Qxa4 h5 59. Qe4 h4 60. Kd4 0-1

[Event "POR-ch Amateur 2018"]
[Site "Braga"]
[Date "2018.09.06"]
[Round "1"]
[White "Brandao, Bruno Lopes"]
[Black "Pinto, Andre Filipe Silva"]
[Result "0-1"]
[ECO "D02"]
[WhiteElo "1711"]
[BlackElo "2002"]
[PlyCount "90"]
[EventDate "2018.09.02"]
[EventType "tourn"]
[EventCountry "POR"]
[TimeControl "40/5400+30:1800+30"]

1. d4 d5 2. Nf3 Bf5 3. Bf4 e6 4. e3 a6 5. c3 c5 6. Bd3 Qb6 7. Bxf5 exf5 8. Qc2 g6 9. O-O c4 10. Nbd2 Nd7 11. Ne5 Ngf6 12. h3 Bd6 13. Ndf3 O-O 14. Rad1 Qc7 15. Rfe1 Nh5 16. Bh2 f6 17. Nxd7 Bxh2+ 18. Nxh2 Qxd7 19. Nf1 Rfe8 20. Nd2 Ng7 21. f3 Re6 22. e4 fxe4 23. fxe4 b5 24. exd5 Qxd5 25. Nf3 Rae8 26. Qf2 Nh5 27. Rxe6 Rxe6 28. Re1 Nf4 29. Re3 Kf7 30. Ne1 Rxe3 31. Qxe3 g5 32. h4 Qe6 33. Qxe6+ Kxe6 34. hxg5 fxg5 35. g3 Nd3 36. Nxd3 cxd3 37. Kf2 h5 38. Ke3 h4 39. gxh4 gxh4 40. Kxd3 h3 41. c4 bxc4+ 42. Kxc4 h2 43. Kb4 h1=Q 44. Ka5 Qd5+ 45. Kxa6 Qxa2+ 0-1

[Event "POR-ch Amateur 2018"]
[Site "Braga"]
[Date "2018.09.06"]
[Round "1"]
[White "Ribeiro, Rodrigo"]
[Black "Leao, Tiago Miguel Da Sil"]
[Result "1-0"]
[ECO "D55"]
[WhiteElo "1696"]
[BlackElo "2084"]
[PlyCount "115"]
[EventDate "2018.09.02"]
[EventType "tourn"]
[EventCountry "POR"]
[TimeControl "40/5400+30:1800+30"]

1. d4 Nf6 2. c4 e6 3. Nc3 d5 4. Bg5 Be7 5. Nf3 O-O 6. e3 b6 7. Be2 Bb7 8. O-O Nbd7 9. a3 c5 10. dxc5 Nxc5 11. cxd5 Nxd5 12. Bxe7 Qxe7 13. Nxd5 Bxd5 14. b4 Rfd8 15. Qc2 Nb3 16. Rad1 Rac8 17. Qb2 Qf6 18. Qxf6 gxf6 19. Nd4 Nxd4 20. Rxd4 Bb7 21. Rfd1 Rxd4 22. Rxd4 Rc1+ 23. Rd1 Rc3 24. Ra1 a6 25. h3 Kf8 26. a4 Ke7 27. b5 a5 28. Rd1 e5 29. Bg4 Rc7 30. Kh2 Bc8 31. Bxc8 Rxc8 32. Kg3 Rc4 33. Ra1 h5 34. Ra2 h4+ 35. Kf3 f5 36. g3 f6 37. gxh4 Rxh4 38. Kg3 Rc4 39. h4 Rc1 40. Kg2 Rc4 41. Kg3 Rc1 42. f3 Ke6 43. h5 Rh1 44. Rc2 Rxh5 45. Rc6+ Ke7 46. Rxb6 f4+ 47. exf4 exf4+ 48. Kg4 Rd5 49. Ra6 f5+ 50. Kg5 Kd7 51. Rxa5 Kc8 52. Kxf4 Kb7 53. Ra6 Rc5 54. Kg5 Rd5 55. Rf6 Rd4 56. a5 Rd7 57. Rxf5 Ka7 58. f4 1-0

[Event "POR-ch Amateur 2018"]
[Site "Braga"]
[Date "2018.09.06"]
[Round "1"]
[White "De Sousa Silva, Lucas Jose"]
[Black "Mendes, Bruno Daniel"]
[Result "0-1"]
[ECO "C13"]
[WhiteElo "1656"]
[BlackElo "1432"]
[PlyCount "76"]
[EventDate "2018.09.02"]
[EventType "tourn"]
[EventCountry "POR"]
[TimeControl "40/5400+30:1800+30"]

1. e4 e6 2. d4 d5 3. Nc3 Nf6 4. Bg5 Be7 5. Bd3 a6 6. Nf3 c5 7. dxc5 Nc6 8. O-O O-O 9. h3 Nb4 10. exd5 Nbxd5 11. Bxf6 Bxf6 12. Nxd5 Qxd5 13. c3 Qxc5 14. Qc2 g6 15. Rad1 Qc7 16. Rfe1 Bd7 17. Be4 Bc6 18. Bxc6 Qxc6 19. Ne5 Bxe5 20. Rxe5 Rfd8 21. Ree1 b5 22. Rd3 Qc4 23. Rxd8+ Rxd8 24. a3 Kg7 25. Re4 Qd3 26. Qxd3 Rxd3 27. Rd4 Rxd4 28. cxd4 Kf6 29. g4 e5 30. dxe5+ Kxe5 31. Kf1 Kd4 32. Ke2 Ke4 33. Kd2 Kf3 34. Kc3 Kxf2 35. Kb4 Ke3 36. Ka5 f5 37. Kxa6 f4 38. Kxb5 f3 0-1

[Event "POR-ch Amateur 2018"]
[Site "Braga"]
[Date "2018.09.06"]
[Round "1"]
[White "De Souza, Paulo H  Pinheiro"]
[Black "Pacheco, Joao Daniel Barbosa"]
[Result "1-0"]
[ECO "C00"]
[WhiteElo "1619"]
[BlackElo "1181"]
[PlyCount "51"]
[EventDate "2018.09.02"]
[EventType "tourn"]
[EventCountry "POR"]
[TimeControl "40/5400+30:1800+30"]

1. e4 e6 2. Nf3 d5 3. exd5 exd5 4. d4 Nf6 5. Bb5+ c6 6. Bd3 Bd6 7. O-O Be6 8. Re1 O-O 9. Bg5 Nbd7 10. Ne5 Be7 11. Nd2 Nxe5 12. dxe5 Nd7 13. Qh5 g6 14. Bxe7 Qxe7 15. Qh6 Rfe8 16. Nf3 Qf8 17. Qh4 Qe7 18. Ng5 Nf8 19. Qg3 Qd7 20. h4 Bf5 21. Re3 Bxd3 22. cxd3 d4 23. Re4 c5 24. Re2 Re7 25. Ne4 Qd5 26. Nf6+ 1-0

[Event "POR-ch Amateur 2018"]
[Site "Braga"]
[Date "2018.09.06"]
[Round "1"]
[White "Da Silva, Pedro Vieira Prado"]
[Black "Duarte Mermow, Marcelo"]
[Result "1-0"]
[ECO "C67"]
[WhiteElo "1521"]
[BlackElo "2341"]
[PlyCount "35"]
[EventDate "2018.09.02"]
[EventType "tourn"]
[EventCountry "POR"]
[TimeControl "40/5400+30:1800+30"]

1. e4 e5 2. Nf3 Nc6 3. Bb5 Nf6 4. O-O Nxe4 5. Re1 Nf6 6. Bxc6 dxc6 7. Nxe5 Bd6 8. Nxc6+ Qe7 9. Nxe7 Bxe7 10. Qe2 O-O 11. Qxe7 Be6 12. Nc3 Rae8 13. Qxc7 Nd5 14. Nxd5 Rc8 15. Ne7+ Kh8 16. Nxc8 Rxc8 17. Qxc8+ Bxc8 18. Re8# 1-0

[Event "POR-ch Amateur 2018"]
[Site "Braga"]
[Date "2018.09.06"]
[Round "1"]
[White "Rodriguez Farias, Cesar David"]
[Black "Machado, Tiago Candido Leita"]
[Result "0-1"]
[ECO "C26"]
[WhiteElo "1445"]
[BlackElo "1473"]
[PlyCount "70"]
[EventDate "2018.09.02"]
[EventType "tourn"]
[EventCountry "POR"]
[TimeControl "40/5400+30:1800+30"]

1. e4 e5 2. Nc3 Nf6 3. Bc4 Bc5 4. Nf3 d6 5. O-O Bg4 6. Be2 Nc6 7. d3 h6 8. h3 Be6 9. Re1 Qd7 10. Na4 Bb6 11. Nxb6 axb6 12. Be3 O-O 13. c3 Ne7 14. Qc2 Qa4 15. b3 Qa5 16. d4 Ng6 17. d5 Bd7 18. Bd2 Nh7 19. Nh2 f5 20. c4 Qa7 21. Bf3 f4 22. a4 Qb8 23. Ra3 Qd8 24. Qa2 Qg5 25. a5 Bxh3 26. axb6 Bxg2 27. Bg4 Rxa3 28. Qxa3 cxb6 29. Qxd6 Nf6 30. Be6+ Kh8 31. Qxf8+ Nxf8 32. Bc8 Bf3+ 33. Ng4 Nxg4 34. Bb4 Ne3+ 35. Bg4 Qxg4+ 0-1

[Event "POR-ch Amateur 2018"]
[Site "Braga"]
[Date "2018.09.06"]
[Round "1"]
[White "Soares, Sara Joana De Moura"]
[Black "Guimaraes, Henrique"]
[Result "1-0"]
[ECO "C54"]
[WhiteElo "1431"]
[BlackElo "1135"]
[PlyCount "59"]
[EventDate "2018.09.02"]
[EventType "tourn"]
[EventCountry "POR"]
[TimeControl "40/5400+30:1800+30"]

1. e4 e5 2. Nf3 Nc6 3. Bc4 Bc5 4. c3 Nf6 5. d4 exd4 6. e5 d5 7. Bb5 Ne4 8. cxd4 Bb4+ 9. Nbd2 O-O 10. O-O Bg4 11. Nb3 f5 12. a3 Be7 13. Bxc6 bxc6 14. Na5 c5 15. Nc6 Qe8 16. Nxe7+ Qxe7 17. dxc5 Rad8 18. b4 f4 19. Qb3 Qe6 20. Nd4 Qg6 21. f3 Bh3 22. Qc2 Rf7 23. e6 Rf6 24. e7 Re8 25. fxe4 Rxe7 26. e5 Rf5 27. Nxf5 Bxf5 28. Qf2 Be4 29. Bxf4 Rf7 30. Qg3 1-0

[Event "POR-ch Amateur 2018"]
[Site "Braga"]
[Date "2018.09.06"]
[Round "1"]
[White "Fonseca, Pedro Miguel Ramos"]
[Black "Pacheco, Joao Pedro Lima"]
[Result "1-0"]
[ECO "C01"]
[WhiteElo "1393"]
[BlackElo "1084"]
[PlyCount "59"]
[EventDate "2018.09.02"]
[EventType "tourn"]
[EventCountry "POR"]
[TimeControl "40/5400+30:1800+30"]

1. e4 e6 2. d4 d5 3. exd5 exd5 4. Bd3 Nc6 5. c3 Nf6 6. Nf3 Be7 7. O-O O-O 8. h3 a6 9. Re1 Bd7 10. Qc2 g6 11. Ne5 Kg7 12. Nxd7 Qxd7 13. Be3 Bd6 14. Nd2 Ne7 15. Nf3 c6 16. Qd2 Nfg8 17. Ne5 Qc8 18. Ng4 Nf5 19. Bxf5 Qxf5 20. Bh6+ Nxh6 21. Qxh6+ Kh8 22. Qh4 f6 23. Re3 g5 24. Qh5 c5 25. Rf3 Qd7 26. Nxf6 Rxf6 27. Rxf6 Qe7 28. Rf7 Qe4 29. Qxg5 Rg8 30. Qf6+ 1-0

[Event "POR-ch Amateur 2018"]
[Site "Braga"]
[Date "2018.09.06"]
[Round "1"]
[White "Silva, Pedro Filipe Carval"]
[Black "Ribeiro, Gustavo"]
[Result "0-1"]
[ECO "B40"]
[WhiteElo "1361"]
[BlackElo "1414"]
[PlyCount "42"]
[EventDate "2018.09.02"]
[EventType "tourn"]
[EventCountry "POR"]
[TimeControl "40/5400+30:1800+30"]

1. e4 c5 2. Nf3 e6 3. d4 d5 4. exd5 exd5 5. Bb5+ Nc6 6. Nc3 Bg4 7. dxc5 Nf6 8. Bg5 Bxc5 9. Bxf6 Qxf6 10. Qxd5 Bxf3 11. Qxf3 Qxf3 12. gxf3 O-O-O 13. O-O Nd4 14. Bc4 Nxf3+ 15. Kg2 Nd2 16. Rfd1 Nxc4 17. b3 Bd4 18. Rd3 Ne5 19. Rg3 f5 20. f4 Ng4 21. Re1 Bf2 0-1

[Event "POR-ch Amateur 2018"]
[Site "Braga"]
[Date "2018.09.06"]
[Round "1"]
[White "Areal, Maria Beatriz Moura"]
[Black "Lomba, Lucas"]
[Result "0-1"]
[ECO "B27"]
[WhiteElo "1051"]
[BlackElo "1383"]
[PlyCount "41"]
[EventDate "2018.09.02"]
[EventType "tourn"]
[EventCountry "POR"]
[TimeControl "40/5400+30:1800+30"]

1. e4 c5 2. Nf3 g6 3. c3 Nc6 4. Bb5 Bg7 5. d4 cxd4 6. cxd4 Qb6 7. Bxc6 dxc6 8. O-O Nf6 9. Nc3 O-O 10. Be3 Qxb2 11. Qb3 Qxb3 12. axb3 Ng4 13. Bd2 Rd8 14. h3 Nh6 15. Be3 e5 16. Rfd1 exd4 17. Nxd4 Bxd4 18. Bxh6 Be6 19. Rac1 Rac8 20. Nb5 Bb6 21. Rc2 0-1

[Event "POR-ch Amateur 2018"]
[Site "Braga"]
[Date "2018.09.07"]
[Round "2"]
[White "Duarte Mermow, Marcelo"]
[Black "Rodriguez Farias, Cesar David"]
[Result "0-1"]
[ECO "C58"]
[WhiteElo "2341"]
[BlackElo "1445"]
[PlyCount "66"]
[EventDate "2018.09.02"]
[EventType "tourn"]
[EventCountry "POR"]
[TimeControl "40/5400+30:1800+30"]

1. e4 e5 2. Nf3 Nc6 3. Bc4 Nf6 4. Ng5 d5 5. exd5 Na5 6. Bb5+ Bd7 7. Nxf7 Kxf7 8. Bxd7 Qxd7 9. Nc3 Bc5 10. O-O Rhf8 11. d3 Kg8 12. Bg5 Nxd5 13. Nxd5 Qxd5 14. Qg4 Qf7 15. Bh4 Nc6 16. d4 Bxd4 17. c3 Bc5 18. Rad1 Ne7 19. Rd3 Rfd8 20. Rh3 Rf8 21. Bg3 Rad8 22. Qh4 Qg6 23. Re1 Nf5 24. Qh5 Qxh5 25. Rxh5 Nxg3 26. hxg3 Rde8 27. Kh1 Bxf2 28. Rf1 e4 29. Kh2 Bxg3+ 30. Kxg3 Rxf1 31. Kg4 Re6 32. Kg5 Rg6+ 33. Kh4 Rh1# 0-1

[Event "POR-ch Amateur 2018"]
[Site "Braga"]
[Date "2018.09.07"]
[Round "2"]
[White "Leao, Tiago Miguel Da Sil"]
[Black "Areal, Pedro"]
[Result "1/2-1/2"]
[ECO "B19"]
[WhiteElo "2084"]
[BlackElo "1732"]
[PlyCount "95"]
[EventDate "2018.09.02"]
[EventType "tourn"]
[EventCountry "POR"]
[TimeControl "40/5400+30:1800+30"]
[WhiteClock "0:02:26"]
[BlackClock "0:00:52"]

1. e4 c6 2. d4 d5 3. Nc3 dxe4 4. Nxe4 Bf5 5. Ng3 Bg6 6. h4 h6 7. Nf3 Nd7 8. h5 Bh7 9. Bd3 Bxd3 10. Qxd3 Ngf6 11. Bd2 e6 12. O-O-O Be7 13. Ne4 Nxe4 14. Qxe4 Nf6 15. Qe2 Qd5 16. c4 Qe4 17. Qxe4 Nxe4 18. Be3 Nd6 19. Nd2 Bf6 20. c5 Nb5 21. Ne4 Be7 22. Rh3 Rd8 23. f4 Nc7 24. g4 Nd5 25. Nc3 Rd7 26. Nxd5 Rxd5 27. Bf2 Kd7 28. Ra3 a6 29. Rb3 Kc8 30. Re1 Bf6 31. Rd1 Rhd8 32. Rbd3 e5 33. fxe5 Bxe5 34. Kc2 Bf6 35. b4 Re8 36. Re3 Red8 37. Red3 Re8 38. Re3 Rxe3 39. Bxe3 Kd7 40. Kd3 Bh4 41. Rf1 Ke6 42. Ke4 Bg5 43. Rf5 Rxf5 44. gxf5+ Kd7 45. a3 Bh4 46. Ke5 Bf6+ 47. Kf4 Bg5+ 48. Ke4 1/2-1/2

[Event "POR-ch Amateur 2018"]
[Site "Braga"]
[Date "2018.09.07"]
[Round "2"]
[White "Pinto, Andre Filipe Silva"]
[Black "Pedroso, Manuel"]
[Result "1-0"]
[ECO "B01"]
[WhiteElo "2002"]
[BlackElo "1306"]
[PlyCount "93"]
[EventDate "2018.09.02"]
[EventType "tourn"]
[EventCountry "POR"]
[TimeControl "40/5400+30:1800+30"]

1. e4 d5 2. exd5 Qxd5 3. Nc3 Qa5 4. Bc4 Nf6 5. d3 c6 6. Bd2 Qd8 7. Nf3 Bg4 8. Bxf7+ Kxf7 9. Ne5+ Kg8 10. Nxg4 Nbd7 11. Qe2 Qe8 12. Qe6+ Qf7 13. Nxf6+ exf6 14. Qxf7+ Kxf7 15. O-O-O Bc5 16. Ne4 a5 17. Nxc5 Nxc5 18. Rhe1 b5 19. Re2 Ne6 20. Rde1 Rhe8 21. f4 f5 22. h3 b4 23. g4 g6 24. Re5 Rad8 25. gxf5 gxf5 26. Rxf5+ Kg6 27. Rxa5 Nd4 28. Bxb4 Rxe1+ 29. Bxe1 Re8 30. Re5 Rxe5 31. fxe5 Nf3 32. Bg3 h5 33. h4 Kf5 34. c3 Nxe5 35. Bxe5 Kxe5 36. a4 Kf4 37. a5 Kg4 38. a6 Kxh4 39. a7 Kg3 40. a8=Q h4 41. Qxc6 h3 42. b4 h2 43. b5 Kf2 44. b6 Kg1 45. b7 h1=Q 46. Qxh1+ Kxh1 47. b8=Q 1-0

[Event "POR-ch Amateur 2018"]
[Site "Braga"]
[Date "2018.09.07"]
[Round "2"]
[White "Godinho Marques, Pedro"]
[Black "Ribeiro, Rodrigo"]
[Result "0-1"]
[ECO "D00"]
[WhiteElo "1853"]
[BlackElo "1696"]
[PlyCount "102"]
[EventDate "2018.09.02"]
[EventType "tourn"]
[EventCountry "POR"]
[TimeControl "40/5400+30:1800+30"]
[WhiteClock "0:54:31"]
[BlackClock "0:01:00"]

1. d4 d5 2. Bf4 Bf5 3. e3 Nf6 4. Bd3 Bg6 5. Nf3 e6 6. Ne5 Bd6 7. h4 a6 8. h5 Bxd3 9. Qxd3 Nc6 10. Nd2 Bxe5 11. dxe5 Nd7 12. Nf3 Qe7 13. O-O-O Qb4 14. a3 Qa4 15. Qc3 Qb5 16. Nd4 Qa5 17. b4 Qb6 18. Nxc6 Qxc6 19. Qxc6 bxc6 20. e4 O-O 21. exd5 cxd5 22. c4 c6 23. Rhe1 Nb6 24. cxd5 cxd5 25. Kb2 a5 26. bxa5 Rxa5 27. Rd3 Rb8 28. Ka2 Nc4 29. Re2 Rab5 30. Bc1 Rb1 31. Rc3 R1b6 32. f4 Rc6 33. g4 Nxe5 34. Rxc6 Nxc6 35. h6 g6 36. Bb2 Ne7 37. Be5 Rc8 38. Rb2 Kf8 39. Rb7 Ke8 40. a4 Nc6 41. Bc7 Ra8 42. Ka3 Nd8 43. Rb5 Rc8 44. Be5 Nc6 45. Bf6 Rb8 46. Rc5 Kd7 47. a5 Rb1 48. a6 Rb6 49. Bc3 Rxa6+ 50. Kb3 Rb6+ 51. Kc2 Kd6 0-1

[Event "POR-ch Amateur 2018"]
[Site "Braga"]
[Date "2018.09.07"]
[Round "2"]
[White "Demyanchuk, Sergey"]
[Black "Monteiro, Jose Macedo"]
[Result "1-0"]
[ECO "B07"]
[WhiteElo "1818"]
[BlackElo "1889"]
[PlyCount "67"]
[EventDate "2018.09.02"]
[EventType "tourn"]
[EventCountry "POR"]
[TimeControl "40/5400+30:1800+30"]
[WhiteClock "0:36:44"]
[BlackClock "1:03:47"]

1. e4 d6 2. d4 Nf6 3. Nc3 g6 4. Be2 Bg7 5. Be3 c6 6. Qd2 h6 7. h3 Qa5 8. Nf3 b5 9. e5 b4 10. exf6 bxc3 11. bxc3 Bxf6 12. O-O Bg7 13. Rfe1 Nd7 14. Bd3 e5 15. dxe5 dxe5 16. Be4 Qc7 17. Rad1 f5 18. Bd3 Bb7 19. Nh4 Qd6 20. Bxf5 Qxd2 21. Bxg6+ Kd8 22. Rxd2 Kc7 23. Nf5 Bf8 24. Red1 Nf6 25. c4 c5 26. Nd6 Bxg2 27. Kxg2 Rg8 28. Bxc5 Rxg6+ 29. Kf1 Kc6 30. Be3 a6 31. Nf7 Re8 32. Rd8 Bb4 33. Rxe8 Nxe8 34. Nxe5+ 1-0

[Event "POR-ch Amateur 2018"]
[Site "Braga"]
[Date "2018.09.07"]
[Round "2"]
[White "Andrade, Ricardo Sarmento"]
[Black "Santos, Jose Miguel Sereno"]
[Result "1-0"]
[ECO "A12"]
[WhiteElo "1744"]
[BlackElo "1706"]
[PlyCount "109"]
[EventDate "2018.09.02"]
[EventType "tourn"]
[EventCountry "POR"]
[TimeControl "40/5400+30:1800+30"]

1. Nf3 d5 2. c4 c6 3. b3 Bf5 4. g3 Nf6 5. Bg2 e6 6. O-O Nbd7 7. Bb2 Be7 8. d3 O-O 9. Nbd2 Rc8 10. a3 a5 11. Rc1 b5 12. cxb5 cxb5 13. Rxc8 Qxc8 14. Nd4 Qb7 15. Nxf5 exf5 16. Qa1 Re8 17. e4 fxe4 18. dxe4 Bf8 19. exd5 Nxd5 20. Rd1 N7b6 21. Nf1 Rd8 22. Bd4 Qe7 23. Ne3 Nxe3 24. Bxe3 Rxd1+ 25. Qxd1 Nc8 26. a4 bxa4 27. bxa4 Qd6 28. Qc2 Nb6 29. Be4 g6 30. Qc6 Qxc6 31. Bxc6 Nc4 32. Ba7 Bb4 33. Kf1 Kf8 34. Ke2 Ke7 35. Bd4 f6 36. f4 Ke6 37. Kd3 Nd6 38. Bc3 g5 39. Bxb4 axb4 40. fxg5 fxg5 41. a5 b3 42. a6 b2 43. Kc2 Nc8 44. Kxb2 Kd6 45. Bb7 Na7 46. Kc3 Kc5 47. g4 Kb6 48. Kd4 Nb5+ 49. Ke5 Nc3 50. Kf6 Nd1 51. Kxg5 Nf2 52. Bc8 Nh3+ 53. Kh6 Ka7 54. Kxh7 Kb8 55. Bb7 1-0

[Event "POR-ch Amateur 2018"]
[Site "Braga"]
[Date "2018.09.07"]
[Round "2"]
[White "Machado, Tiago Candido Leita"]
[Black "Fonseca, Pedro Miguel Ramos"]
[Result "1/2-1/2"]
[ECO "C50"]
[WhiteElo "1473"]
[BlackElo "1393"]
[PlyCount "129"]
[EventDate "2018.09.02"]
[EventType "tourn"]
[EventCountry "POR"]
[TimeControl "40/5400+30:1800+30"]
[WhiteClock "0:06:15"]
[BlackClock "0:03:50"]

1. e4 e5 2. Nf3 Nc6 3. Bc4 Bc5 4. d3 Nf6 5. Bg5 d6 6. h3 a6 7. Nc3 Na5 8. Bb3 Nxb3 9. axb3 c6 10. O-O O-O 11. Ne2 h6 12. Bh4 Re8 13. Ng3 g5 14. Nxg5 hxg5 15. Bxg5 d5 16. d4 exd4 17. Qf3 Be7 18. e5 Nh7 19. Bxe7 Qxe7 20. Rae1 Qg5 21. h4 Qxh4 22. Qd3 Re6 23. f4 Rg6 24. Rf3 Bg4 25. f5 Bxf3 26. fxg6 Qxg3 27. gxh7+ Kh8 28. Re2 Qg4 29. Qxf3 Qxf3 30. gxf3 Kxh7 31. b4 Kg6 32. Rd2 Kf5 33. Rxd4 Kxe5 34. Rd3 Kf4 35. Kf2 Rh8 36. Kg2 Rh6 37. c3 Re6 38. Kf2 Ke5 39. Kg3 Kd6 40. Kf2 Kc7 41. Kg3 Re2 42. Kf4 Kd6 43. Kf5 Ke7 44. b3 Rb2 45. Re3+ Kf8 46. Kf6 Rxb3 47. f4 Rb2 48. Re7 Rf2 49. Rxf7+ Ke8 50. Rxb7 Rxf4+ 51. Ke6 Re4+ 52. Kd6 Rc4 53. Ke6 Kd8 54. Kd6 Ke8 55. Ke6 Kf8 56. Kf6 Rf4+ 57. Ke5 Rc4 58. Kf6 Kg8 59. Kg6 Rg4+ 60. Kf5 Rg3 61. Rb6 Rxc3 62. Rxa6 d4 63. Ke4 Rc4 64. Kd3 Rxb4 65. Rxc6 1/2-1/2

[Event "POR-ch Amateur 2018"]
[Site "Braga"]
[Date "2018.09.07"]
[Round "2"]
[White "Mendes, Bruno Daniel"]
[Black "Da Silva, Pedro Vieira Prado"]
[Result "0-1"]
[ECO "B74"]
[WhiteElo "1432"]
[BlackElo "1521"]
[PlyCount "168"]
[EventDate "2018.09.02"]
[EventType "tourn"]
[EventCountry "POR"]
[TimeControl "40/5400+30:1800+30"]
[WhiteClock "0:04:16"]
[BlackClock "0:04:43"]

1. e4 c5 2. Nf3 Nc6 3. d4 cxd4 4. Nxd4 Nf6 5. Nc3 g6 6. Be3 Bg7 7. Nb3 O-O 8. Be2 d6 9. O-O Be6 10. f4 a5 11. f5 Bd7 12. a4 Rc8 13. g4 Nb4 14. Bd4 h6 15. h4 Bc6 16. Bf3 Qc7 17. Qe2 Rfe8 18. Qf2 Rf8 19. Bb6 Qb8 20. Bxa5 Na6 21. Rab1 Nd7 22. Nd5 Rfe8 23. Nb6 Nxb6 24. Bxb6 Bxa4 25. Bd4 Qc7 26. Bxg7 Bxb3 27. Bxh6 Qxc2 28. Qd4 Qc5 29. Be3 Qxd4 30. Bxd4 Nc5 31. Bxc5 Rxc5 32. Rbc1 Rec8 33. Rxc5 Rxc5 34. Kg2 Rc2+ 35. Rf2 Kg7 36. Rxc2 Bxc2 37. Kg3 b6 38. Kf4 gxf5 39. exf5 f6 40. Ke3 Kh6 41. Kd4 Bb3 42. Kc3 Bf7 43. Kb4 Be8 44. Kc4 Kg7 45. b4 b5+ 46. Kd5 Bd7 47. Be2 Kh6 48. Bd1 Kg7 49. Bb3 Kh6 50. Ke4 Bc6+ 51. Bd5 Be8 52. Ba8 Bf7 53. Bd5 Be8 54. Kf4 Kh7 55. g5 Kg7 56. g6 Bd7 57. h5 Be8 58. Ke4 Kh6 59. Kf4 Kg7 60. Be6 Kh6 61. Ke4 Kg7 62. Kd5 Kh6 63. Bf7 Bd7 64. Be6 Be8 65. Bf7 Bd7 66. Be8 Bxe8 67. Ke6 Bd7+ 68. Kd5 Be8 69. Ke6 Kg7 70. Kxe7 Bxg6 71. fxg6 d5 72. h6+ Kxg6 73. h7 Kxh7 74. Kxf6 d4 75. Ke5 d3 76. Kd4 d2 77. Kc5 d1=Q 78. Kxb5 Kg6 79. Kc6 Qc2+ 80. Kd5 Qc7 81. b5 Kf5 82. Kd4 Qb6+ 83. Kc4 Ke4 84. Kb4 Kd4 0-1

[Event "POR-ch Amateur 2018"]
[Site "Braga"]
[Date "2018.09.07"]
[Round "2"]
[White "Ribeiro, Gustavo"]
[Black "Barroso, Simao Oliveira Alvi"]
[Result "1-0"]
[ECO "B10"]
[WhiteElo "1414"]
[BlackElo "1570"]
[PlyCount "41"]
[EventDate "2018.09.02"]
[EventType "tourn"]
[EventCountry "POR"]
[TimeControl "40/5400+30:1800+30"]

1. e4 c6 2. c4 d5 3. cxd5 cxd5 4. exd5 Nf6 5. Bc4 Nbd7 6. Qa4 g6 7. Nf3 Bg7 8. O-O O-O 9. Nc3 Nb6 10. Qb3 Bg4 11. Ne5 Qd6 12. d4 Rfc8 13. g3 Bh3 14. Re1 Ng4 15. Ne4 Qc7 16. d6 exd6 17. Bxf7+ Kf8 18. Nxg4 Bxg4 19. Ng5 Nc4 20. Be6 Na5 21. Nxh7+ 1-0